 Dungeon Crawl Stone Soup version 0.27-a0-1555-g0e7b3fb1d2 (webtiles) character file.

Game seed: 6843792652761466746

198 bande the Covered (level 5, 0/33 HPs)
             Began as a Gargoyle Fighter on July 14, 2021.
             Killed from afar by a white imp (7 damage)
             ... with a puff of frost
             ... summoned by Natasha
             ... on level 3 of the Dungeon.
             The game lasted 00:03:05 (2961 turns).

bande the Covered (Gargoyle Fighter)                Turns: 2961, Time: 00:03:06

Health: 0/33       AC: 11    Str: 20    XL:     5   Next: 77%
Magic:  5/5        EV:  7    Int:  8    God:
Gold:   157        SH:  9    Dex: 10    Spells: 4/4 levels left

rFire    . . .     SeeInvis +   a - +0 war axe
rCold    . . .     Faith    .   c - +0 kite shield
rNeg     + . .     Spirit   .   b - +0 scale mail
rPois    ∞         Reflect  .   (no helmet)
rElec    +         Harm     .   (no cloak)
rCorr    .         Rampage  .   (no gloves)
Will     +....                  (no boots)
Stlth    ..........             (no amulet)
HPRegen  0.11/turn              e - ring of see invisible
MPRegen  0.09/turn              g - ring of willpower

@: no status effects
A: sickness immunity, AC +4, negative energy resistance 1, electricity
resistance, torment resistance 1, petrification resistance
a: no special abilities


You were on level 3 of the Dungeon.
You visited 1 branch of the dungeon, and saw 3 of its levels.

You collected 157 gold pieces.

Inventory:

Hand Weapons
 a - a +0 war axe (weapon)
Armour
 b - a +0 scale mail (worn)
 c - a +0 kite shield (worn)
Jewellery
 e - a ring of see invisible (left hand)
 g - a ring of willpower (right hand)
Scrolls
 f - 2 scrolls of immolation


   Skills:
 + Level 4.0 Fighting
 + Level 3.4 Axes
 + Level 4.2 Armour
 + Level 1.1 Dodging
 + Level 0.1 Stealth
 + Level 4.1 Shields


You had 4 spell levels left.
You didn't know any spells.
Your spell library contained the following spells:

 Spells                   Type           Power      Damage    Failure   Level
 Slow                     Hex            0%         N/A       100%        2
 Confusing Touch          Hex            0%         N/A       100%        3
 Vampiric Draining        Necr           0%         2d6       100%        3


Dungeon Overview and Level Annotations

Branches:
Dungeon (3/15)

Altars:
Kikubaaqudgha

Shops:
D:1 :

Annotations:
D:3 Natasha


Innate Abilities, Weirdness & Mutations

You are immune to sickness and miasma.
Your stone body is resilient. (AC +4)
You are immune to poison.
You resist negative energy. (rN+)
You are resistant to electric shocks. (rElec)
You are resistant to unholy torment.
You are immune to petrification.


Message History

The white imp gestures at you. The puff of frost hits you.
You closely miss Natasha.
Natasha is moderately wounded.
You hit the white imp but do no damage.
Natasha mumbles some strange words.
The white imp barely misses you. Natasha claws you but does no damage.
You barely miss Natasha.
Natasha is moderately wounded.
You barely miss the crimson imp. You completely miss the white imp.
The white imp gestures at you. You block the puff of frost.
You block Natasha's attack.
The crimson imp hits you but does no damage.
You block the white imp's attack.
You hit Natasha.
Natasha is heavily wounded.
You hit the white imp.
You hit the crimson imp but do no damage.
Natasha wildly gestures.
Natasha's front paws start to glow.
Natasha claws you.
The crimson imp hits you but does no damage.
You block the white imp's attack. Natasha closely misses you.
The crimson imp blinks!
You closely miss Natasha.
Natasha is heavily wounded.
You hit the white imp but do no damage. You block the white imp's attack.
Natasha claws you.
The white imp hits you but does no damage.
Unknown command.
You barely miss Natasha.
Natasha is heavily wounded.
You hit the white imp.
The crimson imp blinks!
You block Natasha's attack. The white imp hits you. The white imp freezes you.
* * * LOW HITPOINT WARNING * * *
Natasha claws you.
* * * LOW HITPOINT WARNING * * *
The white imp gestures at you. The puff of frost hits you!
You die...

... #. .....#
#.#######.##.#
#####......##.##.#
........#...#.##5#
.####.#.........b#
......# #.>.#.##h#
.####.# #.##.##@#####.
...##.####......5......#
##....)..........#######
#################


You could see Natasha, a crimson imp (summoned), a white imp (summoned) and a
bat.

Vanquished Creatures
  An ogre (D:2)
  An orc priest (D:3)
  2 adders
  2 dart slugs (D:1)
  2 orcs (D:3)
  3 ball pythons
  5 bats
  5 endoplasms (D:1)
  2 giant cockroaches (D:2)
  2 goblins (D:1)
  6 hobgoblins
  10 jackals (D:1)
  3 quokkas
  2 frilled lizards
  5 kobolds
  5 rats
56 creatures vanquished.

Notes
Turn   | Place    | Note
-------+----------+-------------------------------------------
     0 | D:1      | bande the Gargoyle Fighter began the quest for the Orb.
     0 | D:1      | Reached XP level 1. HP: 14/14 MP: 1/1
    17 | D:1      | Found Kiryinyn's Book Shop.
    36 | D:1      | Reached XP level 2. HP: 9/19 MP: 2/2
   976 | D:1      | Found a faded altar of an unknown god.
  1001 | D:1      | Reached XP level 3. HP: 24/24 MP: 3/3
  2003 | D:2      | Noticed an ogre
  2009 | D:2      | Killed an ogre
  2010 | D:2      | Reached XP level 4. HP: 3/29 MP: 4/4
  2010 | D:2      | Reached XP level 5. HP: 3/33 MP: 5/5
  2418 | D:2      | Found an ancient bone altar of Kikubaaqudgha.
  2598 | D:2      | Reached skill level 1 in Dodging
  2948 | D:3      | Noticed Natasha
  2961 | D:3      | Killed from afar by a white imp

Illustrated notes

Levels and vault maps discovered:
D:1:      heliophobic_arrival_battle_scene, layout_loops_ring,
          basic_ecumenical_altar, serial_shops, shop
D:2:      layout_loops_ring, basic_altar
D:3:      layout_loops_ring, mainiacjoe_overflow_paths, uniq_natasha

Skill      XL: |  1  2  3  4  5 |
---------------+----------------+-----
Axes           | 2 3 |  3.4
Armour         | 4 |  4.2
Shields        | 4 |  4.1
Dodging        | 1 |  1.1
Fighting       | 4 |  4.0
Stealth        | |  0.1

Action                   |  1- 3 |  4- 6 || total
-------------------------+-------+-------++-------
Melee: War axe           |   124 |    72 ||   196
  Use: Potion            |     3 |     1 ||     4
       Scroll            |       |     2 ||     2
Armor: Scale mail        |    68 |    46 ||   114
Dodge: Dodged            |    31 |    24 ||    55
Block: Kite shield       |    69 |    53 ||   122

Table legend: (Time is in decaauts)
 A = Elapsed time spent in this place.
 B = Non-inter-level travel time spent in this place.
 C = Inter-level travel time spent in this place.
 D = Time resting spent in this place.
 E = Time spent auto-exploring this place.
 F = Levels seen in this place.
 G = Mean time per level.
                   A        B        C        D        E       F      G
               +--------+--------+--------+--------+--------+-----+--------+
         Total |   3056 |   3056 |      0 |   1133 |   1371 |   3 | 1018.7 |
       Dungeon |   3056 |   3056 |      0 |   1133 |   1371 |   3 | 1018.7 |
               +--------+--------+--------+--------+--------+-----+--------+

Top non-repeatable levels by time:
     D:1: 1652 daAuts
     D:2: 1092 daAuts
     D:3: 312 daAuts
